 Dungeon Crawl Stone Soup version 0.19-a0-1740-g0bcaf2e (webtiles) character file.

217 kae the Shield-Bearer (level 6, -3/48 HPs)
             Began as a Formicid Fighter on Oct 2, 2016.
             Was a Follower of Ashenzari.
             Slain by an ogre
             ... wielding a +0 giant club
              (31 damage)
             ... on level 4 of the Dungeon.
             The game lasted 00:04:13 (2598 turns).

kae the Shield-Bearer (Formicid Fighter)            Turns: 2598, Time: 00:04:14

Health: -3/48      AC:  6    Str: 22    XL:     6   Next: 16%
Magic:  6/6        EV:  8    Int:  8    God:    Ashenzari [*.....]
Gold:   166        SH: 10    Dex: 10    Spells: 0 memorised, 5 levels left

rFire  . . .     SeeInvis +     a - +0 long sword (curse)
rCold  . . .     Gourm    .     b - +0 scale mail (curse)
rNeg   . . .     Faith    .     c - +0 shield (curse)
rPois  .         Spirit   .     (helmet unavailable)
rElec  .         Dismiss  .     (no cloak)
rCorr  .         Reflect  .     (no gloves)
MR     .....     Harm     .     (no boots)
Stlth  ..........               (no amulet)
                                (no ring)
                                (no ring)

@: no status effects
A: permanent stasis, dig shafts and tunnels, four strong arms, antennae 3
a: Dig, Shaft Self, Curse Item, Scrying, Renounce Religion


You were on level 4 of the Dungeon.
You worshipped Ashenzari.
Ashenzari was aware of your devotion.
You were not hungry.

You visited 1 branch of the dungeon, and saw 4 of its levels.

You collected 166 gold pieces.

Inventory:

Hand Weapons
 a - a cursed +0 long sword (weapon)
Armour
 b - a cursed +0 scale mail (worn)
 c - a cursed +0 shield (worn)
Jewellery
 e - an uncursed ring of resist corrosion
Scrolls
 k - a scroll of identify
Potions
 d - 2 potions of might
 i - 3 potions of curing
 l - 2 potions of flight
 m - 2 potions of mutation
 o - 2 potions of heal wounds
Comestibles
 f - 3 bread rations


   Skills:
 + Level 4.2 Fighting
 * Level 4.6 Long Blades
 - Level 3.2 Armour
 + Level 4.9 Shields


You had 5 spell levels left.
You didn't know any spells.

Dungeon Overview and Level Annotations

Branches:
Dungeon (4/15)             Temple (0/1) D:4

Altars:
Ashenzari


Innate Abilities, Weirdness & Mutations

You are under a permanent stasis effect.
You can dig through walls and to a lower floor.
Your four strong arms can wield two-handed weapons with a shield.
You have a pair of large antennae on your head. (SInv)


Message History

The ogre hits you with a giant club.
You barely miss the ogre. The ogre hits you with a giant club!
An ogre is nearby!
An ogre is nearby!
You are too injured to fight recklessly!
You are too injured to fight recklessly!
An ogre is nearby!
You are too injured to fight recklessly!
You are too injured to fight recklessly!
You are too injured to fight recklessly!
You are too injured to fight recklessly!
You are too injured to fight recklessly!
You are too injured to fight recklessly!
You are too injured to fight recklessly!
You are too injured to fight recklessly!
You slash the ogre!
The ogre is moderately wounded.
The ogre hits you with a giant club!!
Ouch! That really hurt!
You die...

#.#.# ....... #.#.#
.... #.#.# #.. # ...
#.###. . ##.. # ......
.. ... .#{# #####
.#...##.####.#.#..
..................
####># .........@O.#
.....# #.#.###..####
###### #.#.###..##
#.........#
#.....###.###.#
#.....# #.....#
########.[...###.#####
..........(......#
##########.###.###


You could see an ogre.

Vanquished Creatures
  Terence (D:3)
  3 adders
  7 gnolls
  2 oozes (D:2)
  3 worms
  2 dart slugs
  4 leopard geckos
  2 orcs (D:3)
  4 ball pythons
  4 giant cockroaches
  3 goblins
  7 hobgoblins
  9 jackals
  6 kobolds
  2 quokkas (D:2)
  4 bats
  4 frilled lizards
  6 rats
73 creatures vanquished.

Notes
Turn   | Place    | Note
-------+----------+-------------------------------------------
     0 | D:1      | kae the Formicid Fighter began the quest for the Orb.
     0 | D:1      | Reached XP level 1. HP: 18/18 MP: 1/1
    44 | D:1      | Reached XP level 2. HP: 16/24 MP: 2/2
   189 | D:1      | Found a shattered altar of Ashenzari.
   231 | D:1      | Reached XP level 3. HP: 29/29 MP: 3/3
   272 | D:1      | Became a worshipper of Ashenzari the Shackled
   787 | D:2      | Reached XP level 4. HP: 29/36 MP: 4/4
  1501 | D:2      | Reached XP level 5. HP: 39/42 MP: 5/5
  1771 | D:3      | Found a faded altar of an unknown god.
  2036 | D:3      | Noticed Terence
  2058 | D:3      | Killed Terence
  2058 | D:3      | Reached XP level 6. HP: 43/48 MP: 6/6
  2539 | D:4      | Reached * piety under Ashenzari
  2561 | D:4      | Found a staircase to the Ecumenical Temple.
  2595 | D:4      | Noticed an ogre
  2598 | D:4      | Slain by an ogre

Vault maps used:
D:1:      ncdulo_watergridlock, evilmike_ruin_ashenzari
D:3:      ecumenical_altar_1, serial_corexii_hall, corexii_hall_statues_i,
          corexii_hall_statues_i, kennysheep_generic_room_9, uniq_terence
D:4:      first_bread

Skill      XL: |  1  2  3  4  5 |
---------------+----------------+-----
Shields        | 4 |  4.9
Long Blades    | 3 4 |  4.6
Fighting       | 4 |  4.2
Armour         | |  3.2

Action                   |  1- 3 |  4- 6 || total
-------------------------+-------+-------++-------
Melee: Long sword        |    95 |   191 ||   286
Invok: Curse Item        |       |     3 ||     3
 Abil: Dig               |     1 |       ||     1
  Use: Scroll            |     1 |     9 ||    10
  Eat: Chunk             |       |     6 ||     6
Armor: Scale mail        |    54 |    66 ||   120
Dodge: Dodged            |    39 |    83 ||   122
Block: Shield            |    39 |    90 ||   129
